 Dungeon Crawl Stone Soup version 0.32-a0-868-g153ae1a8d6 (webtiles) character file.

Game seed: 16401042868746898155

31 cforsyth the Caller (level 3, 0/19 HPs)
             Began as a Deep Elf Summoner on Mar 28, 2024.
             Succumbed to an adder's poison
             ... on level 2 of the Dungeon.
             The game lasted 00:02:46 (1429 turns).

cforsyth the Caller (Deep Elf Summoner)             Turns: 1429, Time: 00:02:46

Health: 0/19       AC:  2    Str:  5    XL:     3   Next: 7%
Magic:  6/10       EV: 11    Int: 21    God:
Gold:   39         SH:  0    Dex: 15    Spells: 4/10 levels left

rFire   . . .        (no weapon)
rCold   . . .        (no shield)
rNeg    . . .        a - +0 robe
rPois   .            (no helmet)
rElec   .            (no cloak)
rCorr   .            (no gloves)
SInv    .            (no boots)
Will    .....        (no amulet)
Stlth   ++           (no ring)
HPRegen 0.23/turn    (no ring)
MPRegen 0.12/turn

%: no passive effects
@: lethally poisoned (0 -> -10)
A: no striking features
a: no special abilities


You were on level 2 of the Dungeon.
You visited 1 branch of the dungeon, and saw 2 of its levels.

You collected 39 gold pieces.


   Skills:
 - Level 2.4 Dodging
 - Level 2.4 Stealth
 + Level 4.1 Spellcasting
 + Level 5.0 Summonings


You had 4 spell levels left.
You knew the following spells:

 Your Spells              Type           Power      Damage    Failure   Level
c - Call Imp              Summ           50%        N/A       2%          2
f - Call Canine Familiar  Summ           25%        N/A       4%          3
z - Summon Small Mammal   Summ           100%       N/A       1%          1

Your spell library contained the following spells:

 Spells                   Type           Power      Damage    Failure   Level
 Summon Blazeheart Golem  Fire/Summ      14%        N/A       38%         4
 Summon Lightning Spire   Summ/Air       14%        N/A       38%         4

Inventory:

Armour
 a - a +0 robe (worn)
Jewellery
 T - a +4 ring of protection
 W - a ring of willpower
Scrolls
 c - 2 scrolls of identify {unknown}
Potions
 b - a potion of magic
 d - a potion of resistance {unknown}
 e - a potion of haste {unknown}

Dungeon Overview and Level Annotations

Branches:
Dungeon (2/15)

Altars:

#.######.# #.#
#........# #.#
########## #.#
#.# #.# ########
#.# #[.....#
##.## #.####.#
...##...#####.##
.#
#......5@.Srr.#
.#
####...#####.##
.# ##.## ### .#
#.# .# #.# .#
#+#


You could see an adder (ally target), a friendly cerulean imp (summoned) and 2
friendly quokkas.


Message History

Your rat dies!
Your rat's corpse disappears in a puff of smoke!
Your quokka misses the adder.
Unknown command.
You feel sick. The adder bites you.
Your quokka closely misses the adder.
Unknown command.
You feel sick.
Your quokka bites the adder.
You feel sick. The adder misses you.
You hit the adder but do no damage.
The adder is moderately wounded.
You feel sick.
You are no longer poisoned.
Your quokka misses the adder. The adder closely misses you.
You miss the adder.
The adder is moderately wounded.
Your quokka barely misses the adder.
The adder bites you.
* * * LOW HITPOINT WARNING * * *
You are poisoned.
The adder poisons you!
Casting: Summon Small Mammal (safe; 1% risk of failure)
Confirm with . or Enter, or press ? or * to list all spells.
A tiny devil pulls itself out of the air.
You feel sick.
Your quokka barely misses the adder.
The adder bites you.
* * * LOW HITPOINT WARNING * * *
You are more poisoned.
The adder poisons you!
Your quokka barely misses the adder.
The adder closely misses you.
Unknown command.
Unknown command.
You die...

Skill      XL: |  1  2 |
---------------+-------+-----
Spellcasting   | 4 |  4.1
Summonings     | 5 |  5.0
Dodging        | |  2.4
Stealth        | |  2.4

Action                     || total
---------------------------++-------
  Melee: Unarmed           ||     9
   Cast: Summon Small Mamm ||    57
         Call Imp          ||     1
 Armour: Robe              ||    32
  Dodge: Dodged            ||    21

Levels and vault maps discovered:
D:1:      beargit_arrival_greenhouse, layout_loops_ring
D:2:      minmay_skewed_foursquare, layout_loops_corners, st_stairs_8

Notes
Turn   | Place    | Note
-------+----------+-------------------------------------------
     0 | D:1      | cforsyth the Deep Elf Summoner began the quest for the Orb.
     0 | D:1      | Reached XP level 1. HP: 10/10 MP: 6/6
   176 | D:1      | Reached XP level 2. HP: 15/15 MP: 3/8
   179 | D:1      | Learned a level 2 spell: Call Imp
  1198 | D:2      | Reached skill level 4 in Spellcasting
  1267 | D:2      | Reached skill level 5 in Summonings
  1267 | D:2      | Reached XP level 3. HP: 14/19 MP: 7/10
  1273 | D:2      | Learned a level 3 spell: Call Canine Familiar
  1429 | D:2      | Succumbed to an adder's poison

Vanquished Creatures
  A hobgoblin (D:1)
  A rat (D:2)
2 creatures vanquished.

Vanquished Creatures (collateral kills)
  2 ball pythons
  4 bats
  3 endoplasms
  4 goblins
  A jackal (D:2)
  A quokka (D:1)
  2 frilled lizards (D:2)
  7 kobolds
  A rat (D:1)
25 creatures vanquished.

Grand Total: 27 creatures vanquished

Table legend: (Time is in decaauts)
 A = Elapsed time spent in this place.
 B = Non-inter-level travel time spent in this place.
 C = Inter-level travel time spent in this place.
 D = Time resting spent in this place.
 E = Time spent auto-exploring this place.
 F = Levels seen in this place.
 G = Mean time per level.
                   A        B        C        D        E       F      G
               +--------+--------+--------+--------+--------+-----+--------+
         Total |   1428 |   1421 |      7 |    111 |   1004 |   2 |  714.0 |
       Dungeon |   1428 |   1421 |      7 |    111 |   1004 |   2 |  714.0 |
               +--------+--------+--------+--------+--------+-----+--------+

Top non-repeatable levels by time:
     D:1: 1086 daAuts
     D:2: 342 daAuts

Table legend:
 A = Non-vault XP
 B = Vault XP
 C = Vault XP percentage of total XP
 D = Non-vault monster count
 E = Vault monster count
 F = Vault count percentage of total count
                 A         B        C        D         E       F
            +---------+---------+-------+---------+---------+-------
      Total |      39 |       6 |  13.3 |      24 |       3 |  11.1
            +---------+---------+-------+---------+---------+-------
        D:1 |      29 |       0 |   0.0 |      17 |       0 |   0.0
        D:2 |      10 |       6 |  37.5 |       7 |       3 |  30.0
            +---------+---------+-------+---------+---------+-------
